 Dungeon Crawl Stone Soup version 0.25.0-9-g26727b657a (webtiles) character file.

Game seed: 11716799311764948297

21 funkygono the Conjurer (level 2, 0/15 HPs)
             Began as a Gargoyle Conjurer on June 18, 2020.
             Slain by an adder (2 damage)
             ... on level 2 of the Dungeon.
             The game lasted 00:03:57 (1210 turns).

funkygono the Conjurer (Gargoyle Conjurer)          Turns: 1210, Time: 00:03:57

Health: 0/15       AC:  7    Str: 11    XL:     2   Next: 83%
Magic:  0/5        EV: 11    Int: 15    God:
Gold:   49         SH:  0    Dex: 10    Spells: 2/5 levels left

rFire    x . .     SeeInvis .   i - +1 whip
rCold    + . .     Gourm    .   (no shield)
rNeg     + . .     Faith    .   h - +0 leather armour
rPois    ∞         Spirit   .   (no helmet)
rElec    +         Reflect  .   (no cloak)
rCorr    .         Harm     .   (no gloves)
MR       .....                  q - +1 pair of boots
Stlth    ++........             (no amulet)
HPRegen  0.05/turn              d - ring of ice
MPRegen  0.09/turn              (no ring)

@: very slightly contaminated
A: negative energy resistance 1, electricity resistance, unbreathing,
petrification resistance, rot immunity, AC +2
a: no special abilities


You were on level 2 of the Dungeon.
You were hungry.

You visited 1 branch of the dungeon, and saw 2 of its levels.

You collected 49 gold pieces.

Inventory:

Hand Weapons
 i - a +1 whip (weapon)
Missiles
 m - 31 stones (quivered)
Armour
 h - a +0 leather armour (worn)
 q - a +1 pair of boots (worn)
Jewellery
 d - a ring of ice (left hand)
 p - an uncursed amulet of guardian spirit
Potions
 e - 5 potions of curing
 j - 2 potions of degeneration
 l - a potion of lignification {unknown}
 n - a potion of heal wounds {unknown}
Comestibles
 c - 3 rations


   Skills:
 + Level 0.4 Armour
 + Level 1.6 Dodging
 + Level 2.2 Stealth
 + Level 2.0 Spellcasting
 + Level 5.1 Conjurations


You had 2 spell levels left.
You knew the following spells:

 Your Spells              Type           Power        Failure   Level  Hunger
a - Magic Dart            Conj           ###.         3%          1    #......
b - Searing Ray           Conj           ###...       5%          2    ###....

Your spell library contained the following spells:

 Spells                   Type           Power        Failure   Level  Hunger
 Dazzling Flash           Conj/Hex       #.....       30%         3    ###....
 Fulminant Prism          Conj/Hex       #.........   69%         4    #####..
 Iskenderun's Mystic Bla  Conj/Tloc      #.......     69%         4    #####..


Dungeon Overview and Level Annotations

Branches:
Dungeon (2/15)

Altars:


Innate Abilities, Weirdness & Mutations

You are resistant to torment.
Your stone body is resilient. (AC +2)
You are immune to poison.
You resist negative energy. (rN+)
You are resistant to electric shocks. (rElec)
You can survive without breathing.
You are immune to petrification.
You are immune to rotting.


Message History

You are very lightly contaminated with residual magic.
Nothing appears to happen.
The adder bites you but does no damage. x2
The adder bites you but does no damage.
Casting: Searing Ray (safe; 5% risk of failure)
Confirm with . or Enter, or press ? or * to list all spells.
Aiming: Magic Dart (safe; 3% risk of failure)
Press: ? - help, Shift-Dir - straight line, f - adder
Aim: an adder The magic dart hits the adder.
The adder is lightly wounded.
The adder closely misses you.
Casting: Magic Dart (safe; 3% risk of failure)
Confirm with . or Enter, or press ? or * to list all spells.
Aiming: Magic Dart (safe; 3% risk of failure)
Press: ? - help, Shift-Dir - straight line, f/p - adder
Aim: an adder (lightly wounded)
The magic dart hits the adder but does no damage.
The adder is lightly wounded.
The adder bites you.
You die...

########## .......<.#
.#####...##########
..................
#.........@#####
..#...##...#S#####..#
...#.. #..#.S........
....#....#...########
#....#..#....# .#
..##..##.# #.. #..
#%. .. ..#. ...# (...
...#


You could see 2 adders.

Vanquished Creatures
  A leopard gecko (D:1)
  A bat (D:1)
  A giant cockroach (D:1)
  2 goblins (D:1)
  4 hobgoblins (D:1)
  5 kobolds (D:1)
  2 frilled lizards (D:1)
  3 rats (D:1)
19 creatures vanquished.

Notes
Turn   | Place    | Note
-------+----------+-------------------------------------------
     0 | D:1      | funkygono the Gargoyle Conjurer began the quest for the
                  | Orb.
     0 | D:1      | Reached XP level 1. HP: 10/10 MP: 3/3
   283 | D:1      | Reached XP level 2. HP: 9/15 MP: 0/5
   288 | D:1      | Learned a level 2 spell: Searing Ray
   575 | D:1      | Reached skill level 5 in Conjurations
  1210 | D:2      | Slain by an adder

Illustrated notes

Levels and vault maps discovered:
D:1:      shiori_arrival_elements, layout_basic
D:2:      layout_rooms, first_ration, grunt_ministairs_7, minivault_26,
          lemuel_statue_altar

Skill      XL: |  1  2 |
---------------+-------+-----
Conjurations   | 5 |  5.1
Armour         | |  0.4
Dodging        | |  1.6
Stealth        | |  2.2
Spellcasting   | |  2.0

Action                   || total
-------------------------++-------
Melee: Club              ||    20
       Whip              ||    11
 Cast: Magic Dart        ||    39
  Use: Scroll            ||     6
  Eat: Chunk             ||     1
Armor: Robe              ||     6
       Leather armour    ||    10
Dodge: Dodged            ||    27
